[Event "ICC tourney 2149 (70 10)"]
[Site "Internet Chess Club"]
[Date "2020.11.22"]
[Round "4"]
[White "ANCA0053"]
[Black "saketsingh"]
[Result "0-1"]
[ICCResult "White resigns"]
[WhiteElo "1196"]
[BlackElo "1585"]
[Opening "QGD: 4.Nf3"]
[ECO "D37"]
[NIC "QO.16"]
[Time "12:33:28"]
[TimeControl "4200+10"]

1. d4 d5 2. c4 e6 3. Nc3 Nf6 4. Nf3 Nbd7 5. cxd5 exd5 6. Bg5 c6 7. e3 Qa5 8.
a3 Ne4 9. Rc1 Ndf6 10. Bxf6 Nxf6 11. Bd3 Bg4 12. O-O Bd6 13. h3 Bh5 14. e4
dxe4 15. Nxe4 Nxe4 16. Bxe4 O-O 17. Qd3 f5 18. Bxc6 bxc6 19. Rxc6 Qd5 20.
Rfc1 Bxf3 21. gxf3 Bf4 22. R1c5 Qf7 23. Qc4 Qxc4 24. Rxc4 Rfd8 25. d5 Be5
26. b4 Rxd5 27. Kg2 Rad8 28. Ra6 R8d7 29. h4 Rd4 30. Rc8+ Kf7 31. Ra8 Rxh4
32. R6xa7 Rxa7 33. Rxa7+ Ke6 34. b5 Kd6 35. b6 Bd4 36. a4 Bxb6 37. Rxg7 Rh6
38. Rb7 Ke5 39. a5 Bd4 40. Rb5+ Kf4 41. Rb4 Ke5 42. Rb5+ Kf4 43. Rb4 Rg6+
44. Kf1 Rd6 45. Kg2 h5 46. Rc4 Rg6+ 47. Kh2 Ke5 48. Ra4 Ra6 49. f4+ Ke4 50.
Kg3 Kd5 51. Kh4 Bb6 52. Ra2 Rxa5 53. Re2 Bc7 54. Kg5 Kd4 55. Kxh5 Bxf4 56.
Kg6 Kd3 57. Re7 Bd6 58. Re3+ Kd2 59. Re6 f4 60. f3 Rd5 61. Kf7 Rd3 62. Kg8
Rxf3 63. Rxd6+ Rd3 64. Rf6 f3 65. Kg7 Ke2 66. Re6+ Re3 67. Ra6 f2 68. Ra2+
Kf3 69. Ra1 Re1 70. Ra3+ Kg2 71. Ra2 Kg1 72. Rxf2 Kxf2 {White resigns} 0-1

[Event "ICC tourney 2149 (70 10)"]
[Site "Internet Chess Club"]
[Date "2020.11.22"]
[Round "4"]
[White "rulloa"]
[Black "ClashofKings"]
[Result "1-0"]
[ICCResult "Black checkmated"]
[WhiteElo "275"]
[BlackElo "1559"]
[Opening "Caro-Kann: classical variation"]
[ECO "B18"]
[NIC "CK.10"]
[Time "12:33:23"]
[TimeControl "4200+10"]

1. e4 c6 2. d4 d5 3. Nc3 dxe4 4. Nxe4 Bf5 5. Ng3 Bg6 6. Nf3 Nd7 7. Bc4 e6 8.
O-O Be7 9. Re1 Ngf6 10. c3 O-O 11. Qb3 Nd5 12. Qxb7 N5b6 13. Be2 Nb8 14. Ne5
Qd6 15. Bf4 Bg5 16. Nxg6 Bxf4 17. Nxf8 Kxf8 18. c4 Bd2 19. Red1 Bf4 20. c5
Qd7 21. Qxd7 N6xd7 22. Bf3 Nf6 23. Rd3 Nd5 24. Ne4 Nd7 25. g3 Bc7 26. Rb3
Rb8 27. Rxb8+ Bxb8 28. Rd1 Ke7 29. Rd3 e5 30. Nd2 exd4 31. Rxd4 Be5 32. Ra4
Nxc5 33. Rxa7+ Ke6 34. b3 Nd3 35. Be2 Bd4 36. Ra4 Bxf2+ 37. Kh1 Nc1 38. Bc4
Ke5 39. Kg2 Bc5 40. Ra6 Nb4 41. Nf3+ Ke4 42. Ra5 Bd6 43. a3 Nc2 44. Bxf7
Nxa3 45. Ra6 Nc2 46. Rxc6 Ne3+ 47. Kf2 Nd3+ 48. Kg1 Bxg3 49. Nd2+ Kf4 50.
hxg3+ Kxg3 51. Rc3 Ne5 52. Rxe3+ Kf4 53. Rxe5 Kxe5 54. Bg8 h5 55. b4 Kd6 56.
Ne4+ Kc6 57. Bc4 Kb6 58. Kg2 g6 59. Kg3 Kb7 60. Kh4 Kb6 61. Nd6 Kc6 62. Nf7
Kb6 63. Ne5 Kb7 64. Nxg6 Kb6 65. Kxh5 Kb7 66. Nf4 Kb6 67. Kg5 Kb7 68. Kf5
Kb6 69. Ke5 Kb7 70. Kd6 Kb6 71. Nd5+ Kb7 72. b5 Ka7 73. b6+ Kb7 74. Bb5 Ka8
75. Bd7 Kb7 76. Kc5 Ka8 77. Kc6 Kb8 78. Ne7 Ka8 79. b7+ Kb8 80. Nd5 Ka7 81.
Kc7 Ka6 82. b8=Q Ka5 83. Qb5# {Black checkmated} 1-0

[Event "ICC tourney 2149 (70 10)"]
[Site "Internet Chess Club"]
[Date "2020.11.22"]
[Round "4"]
[White "sandwich-monkey"]
[Black "Davide25"]
[Result "0-1"]
[ICCResult "White checkmated"]
[WhiteElo "1459"]
[BlackElo "1318"]
[Opening "Queen's pawn game"]
[ECO "A46"]
[NIC "QP.05"]
[Time "12:33:23"]
[TimeControl "4200+10"]

1. d4 Nf6 2. Nf3 e6 3. Bf4 d5 4. e3 Bd6 5. Bg3 O-O 6. Nbd2 c5 7. c3 b6 8.
Bd3 Bb7 9. Qe2 cxd4 10. exd4 Nc6 11. O-O Bxg3 12. hxg3 Rc8 13. Rfe1 Qc7 14.
Ne5 Nxe5 15. dxe5 Nd7 16. Nf3 h6 17. Nd4 Nc5 18. Nb5 Qb8 19. Bb1 Ba6 20. Qc2
g6 21. Nd6 Rcd8 22. Qd2 Kg7 23. Qf4 Qc7 24. Kh2 Nb7 25. Rh1 Nxd6 26. Kg1 Rh8
27. Qf6+ Kg8 28. exd6 Rxd6 29. Qf4 Kg7 30. Qd4+ f6 31. Qg4 Qf7 32. Bc2 e5
33. Rd1 f5 34. Qa4 Bc8 35. Bb3 Rhd8 36. Qh4 g5 37. Qa4 Qd7 38. Qb4 a5 39.
Qa3 d4 40. cxd4 Rxd4 41. Re1 e4 42. Bc2 Rd2 43. Ba4 Qd6 44. Qc3+ Qd4 45.
Qxd4+ R8xd4 46. Bb3 a4 47. Bg8 Kxg8 48. Rxh6 Kg7 49. Rxb6 Rd1 50. Rxd1 Rxd1+
51. Kh2 Rd2 52. a3 Rxf2 53. Rb5 e3 54. Re5 e2 55. g4 Ba6 56. Re7+ Kf6 57.
Re8 Rf1 58. gxf5 e1=Q 59. Rxe1 Rxe1 60. g4 Re2+ 61. Kg3 Rxb2 62. Kf3 Rb3+
63. Ke4 Rxa3 64. Kd4 Rg3 65. Kd5 a3 66. Kc5 a2 67. Kd4 a1=Q+ 68. Kc5 Rc3+
69. Kd4 Qb2 70. Ke4 Qb4+ 71. Kd5 Rc5+ 72. Kd6 Qb6+ 73. Kd7 Rc7+ 74. Kd8 Qb8#
{White checkmated}
0-1

[Event "ICC tourney 2149 (70 10)"]
[Site "Internet Chess Club"]
[Date "2020.11.22"]
[Round "4"]
[White "FlowingMelody"]
[Black "VirginiaGuy"]
[Result "1/2-1/2"]
[ICCResult "Game drawn by repetition"]
[WhiteElo "1325"]
[BlackElo "1506"]
[Opening "Ruy Lopez: closed, anti-Marshall 8.a4"]
[ECO "C88"]
[NIC "RL.18"]
[Time "12:33:22"]
[TimeControl "4200+10"]

1. e4 e5 2. Nf3 Nc6 3. Bb5 a6 4. Ba4 Nf6 5. O-O Be7 6. Re1 b5 7. Bb3 O-O 8.
a4 Bb7 9. d3 d6 10. c3 Nd7 11. Nbd2 Nc5 12. Bc2 Nd7 13. Nf1 Nc5 14. axb5
axb5 15. Rxa8 Bxa8 16. Ng3 Nd7 17. Be3 Bb7 18. Nf5 Bf6 19. Qd2 Ne7 20. Ng3
Ng6 21. Ra1 Nh4 22. Nxh4 Bxh4 23. Nf5 Bf6 24. Qe2 g6 25. Ng3 Bg7 26. Bb3 c6
27. Qg4 Nf6 28. Qe2 Nd7 29. Ra7 Ba8 30. Qd1 c5 31. Qa1 Bc6 32. Qa2 Qe8 33.
Bd5 Nb6 34. Bxc6 Qxc6 35. Ra6 Qc7 36. Qa5 Rb8 37. Ra7 Qd8 38. Qa2 Qe8 39.
Bg5 Ra8 40. Rxa8 Nxa8 41. Qa6 Bf8 42. Bf6 Nc7 43. Qb7 Ne6 44. Ne2 Bg7 45.
Bxg7 Kxg7 46. Qa6 Qd7 47. b4 cxb4 48. cxb4 d5 49. h3 dxe4 50. Nc3 Nc7 51.
Qb7 exd3 52. Qe4 Qd4 53. Qxd4 exd4 54. Nb1 Nd5 55. Kf1 Nxb4 56. Ke1 Kf6 57.
Kd2 Ke5 58. Na3 Kd5 59. Nxb5 Kc5 60. Nc7 Kd6 61. Nb5+ Kc5 62. Nc7 Kd6 63.
Nb5+ Kc5 {Game drawn by repetition} 1/2-1/2

[Event "ICC tourney 2149 (70 10)"]
[Site "Internet Chess Club"]
[Date "2020.11.22"]
[Round "4"]
[White "Munkhbileg2"]
[Black "Yadavalli"]
[Result "0-1"]
[ICCResult "White checkmated"]
[WhiteElo "1379"]
[BlackElo "1255"]
[Opening "French: exchange variation"]
[ECO "C01"]
[NIC "FR.01"]
[Time "15:03:28"]
[TimeControl "4200+10"]

1. e4 e6 2. d4 d5 3. exd5 exd5 4. c4 c6 5. cxd5 cxd5 6. Nc3 Nf6 7. h3 Nc6 8.
Bg5 Be7 9. Nf3 O-O 10. a3 h6 11. Bh4 Re8 12. Be2 Ne4 13. Bxe7 Rxe7 14. O-O
Bf5 15. Nh4 Bh7 16. Nxe4 dxe4 17. d5 Rd7 18. g3 Rxd5 19. Qa4 Rc8 20. Rfd1
Nd4 21. Bf1 Nc2 22. Rxd5 Qxd5 23. Rc1 Qd2 24. Rb1 e3 25. Qf4 g5 26. Qg4
Qxf2+ 27. Kh1 Rd8 28. Ng2 Rd4 29. Qe2 Qxg3 30. Rd1 Qxh3+ 31. Kg1 Rxd1 32.
Qxd1 Be4 33. Qd8+ Kg7 34. Qe7 Qf3 35. Qe5+ Kh7 36. Qh2 Qf2+ 37. Kh1 Qxf1+
38. Qg1 Qxg1+ 39. Kxg1 Bxg2 40. Kxg2 e2 41. Kf2 e1=Q+ 42. Kg2 Qe3 43. Kf1
Nd4 44. b4 Qe2+ 45. Kg1 Nf3+ 46. Kh1 Qh2# {White checkmated} 0-1

[Event "ICC tourney 2149 (70 10)"]
[Site "Internet Chess Club"]
[Date "2020.11.22"]
[Round "5"]
[White "jnkut"]
[Black "yugsshah"]
[Result "1-0"]
[ICCResult "Black checkmated"]
[WhiteElo "1565"]
[BlackElo "1233"]
[Opening "Sicilian: Smith-Morra gambit"]
[ECO "B21"]
[NIC "SI.47"]
[Time "16:05:16"]
[TimeControl "4200+10"]

1. e4 c5 2. d4 cxd4 3. c3 Nf6 4. e5 Nd5 5. cxd4 Nc6 6. Nf3 d6 7. Bc4 Nb6 8.
Bb3 dxe5 9. d5 Nb4 10. O-O N4xd5 11. Nc3 Nxc3 12. Bxf7+ Kxf7 13. Qxd8 Nb5
14. Nxe5+ Kf6 15. Nf3 Bg4 16. Bg5+ Kg6 17. Qd3+ Kh5 18. Qxb5 Bxf3 19. Be3+
Kg6 20. gxf3 Rd8 21. Bxb6 axb6 22. Qxb6+ Rd6 23. Qxb7 Kf7 24. Rad1 Rg6+ 25.
Kh1 h5 26. Rg1 Rf6 27. Qb3+ Ke8 28. Rd5 Rhh6 29. Rgd1 Kf7 30. Rg5+ Ke8 31.
Rgd5 Kf7 32. Rxh5+ Kg6 33. Rxh6+ Kxh6 34. Rg1 g5 35. Qg8 Bg7 36. h4 Rxf3 37.
Rxg5 Rh3+ 38. Kg2 Rxh4 39. Qxg7# {Black checkmated} 1-0

[Event "ICC tourney 2149 (70 10)"]
[Site "Internet Chess Club"]
[Date "2020.11.22"]
[Round "5"]
[White "ClashofKings"]
[Black "lwidjaja"]
[Result "1-0"]
[ICCResult "Black resigns"]
[WhiteElo "1573"]
[BlackElo "1375"]
[Opening "Ruy Lopez: Berlin defense, open variation"]
[ECO "C67"]
[NIC "RL.07"]
[Time "16:05:20"]
[TimeControl "4200+10"]

1. e4 e5 2. Nf3 Nc6 3. Bb5 Nf6 4. O-O Nxe4 5. d4 Nd6 6. Bxc6 dxc6 7. dxe5
Nf5 8. Qxd8+ Kxd8 9. Nc3 Ke8 10. Bf4 h5 11. Rfe1 Be6 12. Ng5 Be7 13. Nxe6
fxe6 14. Rad1 Kf7 15. Rd7 Rac8 16. Red1 Rhd8 17. Ne4 Rxd7 18. Rxd7 Rd8 19.
Ng5+ Ke8 20. Rxd8+ Bxd8 21. Nxe6 g6 22. Nxd8 Kxd8 23. Kf1 Ke7 24. Ke2 Ke6
25. Kd3 c5 26. Ke4 b6 27. c3 Ne7 28. Bg5 Nc6 29. f4 b5 30. h3 b4 31. g4 Nb8
32. f5+ gxf5+ 33. gxf5+ Kf7 34. e6+ Ke8 35. e7 Nd7 36. Kd5 Kf7 37. Kc6 Ne5+
38. Kxc7 Ke8 39. f6 a5 40. Bh4 a4 41. Kd6 Nf7+ 42. Kxc5 a3 43. bxa3 bxc3 44.
Be1 c2 45. Bd2 Ne5 46. Kd4 Nf3+ 47. Kc3 Ng1 48. Kxc2 Nxh3 49. a4 Nf2 50. a5
{Black resigns}
1-0

[Event "ICC tourney 2149 (70 10)"]
[Site "Internet Chess Club"]
[Date "2020.11.22"]
[Round "5"]
[White "mehtaaditya"]
[Black "LegacyCreator"]
[Result "1-0"]
[ICCResult "Black resigns"]
[WhiteElo "1587"]
[BlackElo "1374"]
[Opening "Sicilian: closed"]
[ECO "B23"]
[NIC "SI.44"]
[Time "16:05:19"]
[TimeControl "4200+10"]

1. e4 c5 2. Nc3 d6 3. f4 e6 4. Nf3 Nf6 5. d3 Be7 6. Be2 Nh5 7. e5 Bh4+ 8.
Kf1 Be7 9. Ne1 Ng3+ 10. hxg3 dxe5 11. fxe5 Nc6 12. Nf3 b6 13. Be3 Bb7 14. d4
cxd4 15. Nxd4 Qc7 16. Nxc6 Qxc6 17. Bf3 Qc7 18. Bxb7 Qxb7 19. Qf3 Qa6+ 20.
Kf2 Rd8 21. Rad1 O-O 22. Qh5 h6 23. Rxd8 Rxd8 24. Rd1 Rxd1 25. Qxd1 Qb7 26.
Qg4 g5 27. Qf3 Qc7 28. Qa8+ Kg7 29. Qe4 a6 30. Qd3 b5 31. Ne4 Qxe5 32. Bd4
Qf6+ 33. Bxf6+ Bxf6 34. Nxf6 Kxf6 {Black resigns} 1-0

[Event "ICC tourney 2149 (70 10)"]
[Site "Internet Chess Club"]
[Date "2020.11.22"]
[Round "5"]
[White "Yadavalli"]
[Black "serenacool"]
[Result "1/2-1/2"]
[ICCResult "Game drawn by mutual agreement"]
[WhiteElo "1197"]
[BlackElo "1302"]
[Opening "Ruy Lopez: Berlin defense, Beverwijk variation"]
[ECO "C65"]
[NIC "RL.07"]
[Time "16:05:18"]
[TimeControl "4200+10"]

1. e4 e5 2. Nf3 Nc6 3. Bb5 Nf6 4. O-O Bc5 5. Nc3 d6 6. Nd5 O-O 7. Nxf6+ Qxf6
8. d3 Bg4 9. Bxc6 bxc6 10. Be3 Bb6 11. h3 Bxf3 12. Qxf3 Qxf3 13. gxf3 f5 14.
a4 a5 15. Bxb6 cxb6 16. Kh1 fxe4 17. fxe4 d5 18. f3 d4 19. Ra3 Rf4 20. Kg2
Raf8 21. Rb3 Rb8 22. Kf2 Kf7 23. c3 Ke6 24. Rg1 Rf7 25. cxd4 exd4 26. Rg5
Rbf8 27. Rg3 Rb7 28. Rg5 Rbf7 29. Rg3 Rb7 30. Ke2 Kd6 31. Rg5 Rff7 32. h4 h6
33. Rh5 Kc7 34. Ra3 {Game drawn by mutual agreement} 1/2-1/2

[Event "ICC tourney 2149 (70 10)"]
[Site "Internet Chess Club"]
[Date "2020.11.22"]
[Round "5"]
[White "srguy55"]
[Black "ANCA0053"]
[Result "0-1"]
[ICCResult "White resigns"]
[WhiteElo "1301"]
[BlackElo "1202"]
[Opening "Caro-Kann: exchange variation"]
[ECO "B13"]
[NIC "CK.02"]
[Time "16:05:17"]
[TimeControl "4200+10"]

1. e4 c6 2. d4 d5 3. exd5 cxd5 4. Nf3 Nc6 5. Bb5 Bg4 6. O-O Nf6 7. Bg5 e6 8.
Nbd2 Bd6 9. c3 O-O 10. h3 Bh5 11. g4 Bg6 12. Bxc6 bxc6 13. Ne5 Qc7 14. Ndf3
Rab8 15. Nxg6 fxg6 16. b3 Ne4 17. Bh4 Bf4 18. Qd3 g5 19. Bg3 Bxg3 20. fxg3
Qxg3+ 21. Kh1 Qxh3+ 22. Kg1 Qxg4+ 23. Kh1 Ng3+ 24. Kh2 Nxf1+ 25. Rxf1 Qf4+
26. Kh3 g4+ {White resigns} 0-1

[Event "ICC tourney 2149 (70 10)"]
[Site "Internet Chess Club"]
[Date "2020.11.22"]
[Round "5"]
[White "Hydra88"]
[Black "iamvoltu"]
[Result "0-1"]
[ICCResult "White checkmated"]
[WhiteElo "1483"]
[BlackElo "1507"]
[Opening "Sicilian: O'Kelly variation"]
[ECO "B28"]
[NIC "SI.43"]
[Time "16:05:40"]
[TimeControl "4200+10"]

1. e4 c5 2. Nf3 a6 3. d4 cxd4 4. Nxd4 Nf6 5. Nc3 e5 6. Nf3 Bb4 7. Bd2 d6 8.
Bd3 O-O 9. O-O Be6 10. a3 Bxc3 11. Bxc3 Nbd7 12. Ng5 Nc5 13. Nxe6 Nxe6 14.
f3 Nf4 15. Qe1 N6h5 16. Qf2 Qg5 17. Kh1 Rfd8 18. Rg1 d5 19. Rad1 Rd6 20.
exd5 Ng3+ 21. Qxg3 Qxg3 22. Bxe5 Rh6 23. Bxf4 Rxh2# {White checkmated} 0-1

[Event "ICC tourney 2149 (70 10)"]
[Site "Internet Chess Club"]
[Date "2020.11.22"]
[Round "5"]
[White "ruhanv"]
[Black "Rakib-Hasan"]
[Result "1-0"]
[ICCResult "Black checkmated"]
[WhiteElo "1254"]
[BlackElo "1480"]
[Opening "Queen's pawn: London system"]
[ECO "A45"]
[NIC "QP.07"]
[Time "16:05:25"]
[TimeControl "4200+10"]

1. d4 Nf6 2. Bf4 e6 3. e3 c5 4. Nf3 cxd4 5. exd4 Nc6 6. Nc3 d5 7. Nb5 Qa5+
8. c3 e5 9. Nxe5 Nxe5 10. Bxe5 Ng4 11. Nc7+ Ke7 12. Nxa8 Nxe5 13. dxe5 Be6
14. Qb3 Bc8 15. Be2 d4 16. O-O dxc3 17. bxc3 Qxe5 18. Rfe1 Kf6 19. Bg4 Qc5
20. Bxc8 Qxc8 21. Re3 Bc5 22. Rf3+ Ke5 23. Re1+ Kd6 24. Rd3+ Kc6 25. Qd5+
Kb5 26. Rb1+ Ka5 27. c4 Ka6 28. Ra3+ Bxa3 29. Qb5# {Black checkmated} 1-0

[Event "ICC tourney 2149 (70 10)"]
[Site "Internet Chess Club"]
[Date "2020.11.22"]
[Round "5"]
[White "Missyboo"]
[Black "Queen4aKing"]
[Result "1-0"]
[ICCResult "Black resigns"]
[WhiteElo "1421"]
[BlackElo "1504"]
[Opening "Queen's pawn game, Krause variation"]
[ECO "D02"]
[NIC "QP.08"]
[Time "16:05:27"]
[TimeControl "4200+10"]

1. d4 d5 2. Nf3 c5 3. e3 e6 4. c3 Nf6 5. Bb5+ Bd7 6. a4 a6 7. Bxd7+ Nbxd7 8.
O-O Be7 9. Bd2 O-O 10. Na3 cxd4 11. cxd4 Ne4 12. b4 Nxd2 13. Qxd2 Nb6 14.
Rfc1 a5 15. Nc2 Nc4 16. Qc3 axb4 17. Nxb4 Rc8 18. Kf1 Nxe3+ 19. Qxe3 Rxc1+
20. Rxc1 Bxb4 21. Qb3 Qa5 22. Ne5 Bd2 23. Rc5 Qa6+ 24. Kg1 f6 25. Nf3 b6 26.
Rb5 Ba5 27. h4 Rc8 28. Qe3 Rc6 29. h5 Qc8 30. Rb1 Qc7 31. Ne1 Rc3 32. Qxe6+
Kf8 33. Nf3 Rc4 34. Qxd5 Rxa4 35. Qb3 Rc4 36. Qd1 b5 37. d5 Rb4 38. Nd4 Qc5
39. Ne6+ {Black resigns} 1-0

[Event "ICC tourney 2149 (70 10)"]
[Site "Internet Chess Club"]
[Date "2020.11.22"]
[Round "5"]
[White "SGOLD9367"]
[Black "akhilkakarla"]
[Result "1-0"]
[ICCResult "Black resigns"]
[WhiteElo "1340"]
[BlackElo "1127"]
[Opening "King's pawn game"]
[ECO "C50"]
[NIC "IG.03"]
[Time "16:06:29"]
[TimeControl "4200+10"]

1. e4 e5 2. Nf3 Nc6 3. Bc4 Nd4 4. Nc3 Nxf3+ 5. Qxf3 Nf6 6. d3 Be7 7. h3 d6
8. O-O O-O 9. Qe2 Bd7 10. a3 Qc8 11. Kh2 Be6 12. Ba2 Bxa2 13. Nxa2 a5 14. f4
Qd7 15. Nc3 Qc6 16. Qe3 exf4 17. Qxf4 d5 18. e5 Nd7 19. d4 Qc4 20. Be3 c5
21. dxc5 Qxf4+ 22. Bxf4 Bxc5 23. Nxd5 Bd4 24. Ne7+ Kh8 25. Bc1 Bxe5+ 26. g3
Rae8 27. Nd5 Bd6 28. Ne3 Nf6 29. Rf5 Ne4 30. Nf1 Nc5 31. Be3 b6 32. Rd1 Rd8
33. Rfd5 Be7 34. Bxc5 bxc5 35. Ne3 Rxd5 36. Nxd5 Rd8 37. c4 Bf6 38. Rd2 Be5
39. Re2 f6 40. Ne7 Rb8 41. b3 Re8 42. Rd2 h6 43. Nc6 Bc7 44. Rd7 Re2+ 45.
Kh1 Bxg3 46. Nxa5 Ra2 47. a4 Be1 48. Nb7 Ra1 49. Kg2 Bb4 50. Rc7 Ra2+ 51.
Kg3 Ra3 52. Nxc5 Bxc5 53. Rxc5 Rxb3+ 54. Kg4 Ra3 55. a5 Ra4 56. Kf5 Kh7 57.
h4 Kg8 58. Kg6 Kf8 59. Rc8+ Ke7 60. Rc7+ Kd6 61. Rxg7 Rxa5 62. Kxf6 Ra4 63.
Rg4 Kc5 64. Kg6 Kd6 65. Kxh6 Ra6 {Black resigns} 1-0

[Event "ICC tourney 2149 (70 10)"]
[Site "Internet Chess Club"]
[Date "2020.11.22"]
[Round "5"]
[White "VirginiaGuy"]
[Black "kd9junior"]
[Result "0-1"]
[ICCResult "White resigns"]
[WhiteElo "1494"]
[BlackElo "1445"]
[Opening "Sicilian: Alapin's variation (2.c3)"]
[ECO "B22"]
[NIC "SI.46"]
[Time "16:05:21"]
[TimeControl "4200+10"]

1. e4 c5 2. c3 g6 3. d4 cxd4 4. cxd4 d5 5. e5 Nc6 6. Nf3 Bg7 7. Nc3 Bf5 8.
Bd3 Bxd3 9. Qxd3 Nh6 10. O-O O-O 11. a3 a6 12. Bg5 Nf5 13. Rab1 h6 14. Bf4
e6 15. Rfd1 Rc8 16. h3 Na5 17. b3 Nc6 18. Qd2 f6 19. Bh2 fxe5 20. dxe5 b5
21. Ne2 Qe7 22. b4 Qf7 23. Ned4 Nfxd4 24. Nxd4 Nxe5 25. Bxe5 Bxe5 26. Nf3
Bg7 27. Rf1 Qc7 28. Rbc1 Qd6 29. Rfd1 Rxc1 30. Rxc1 Kh7 31. Rd1 Rf4
{White resigns}
0-1

[Event "ICC tourney 2149 (70 10)"]
[Site "Internet Chess Club"]
[Date "2020.11.22"]
[Round "5"]
[White "Quickburger9000"]
[Black "hydroflares"]
[Result "1-0"]
[ICCResult "Black checkmated"]
[WhiteElo "633"]
[BlackElo "1491"]
[Opening "Queen's pawn game"]
[ECO "D00"]
[NIC "QP.08"]
[Time "16:05:58"]
[TimeControl "4200+10"]

1. d4 d5 2. f3 Nc6 3. Nc3 Nf6 4. Bf4 a6 5. e3 e6 6. a3 Bd6 7. Bxd6 Qxd6 8.
Bd3 Bd7 9. Nge2 O-O-O 10. Qd2 e5 11. O-O-O exd4 12. Nxd4 Rhe8 13. Nf5 Bxf5
14. Bxf5+ Kb8 15. Rde1 g6 16. Bd3 d4 17. exd4 Rxe1+ 18. Qxe1 Nxd4 19. Qg3
Qxg3 20. hxg3 h5 21. Re1 Nb3+ 22. cxb3 Rxd3 23. Re7 Rd7 24. Rxd7 Nxd7 25.
Ne4 f5 26. Nc3 c6 27. Kd2 Kc7 28. Ke3 Kd6 29. Kf4 Ke6 30. Kg5 Kf7 31. Ne2
Kg7 32. Nf4 Ne5 33. Ne6+ Kh7 34. Nf8+ Kg7 35. Ne6+ Kf7 36. Nd8+ Kg7 37. Nxb7
Nd3 38. b4 Nxb2 39. Nc5 Nc4 40. Nxa6 Nxa3 41. Nb8 Nb5 42. Nxc6 Nd6 43. Ne5
Nb5 44. Nxg6 Kf7 45. Kxf5 Nd4+ 46. Kg5 Ne6+ 47. Kxh5 Ng7+ 48. Kg5 Ne6+ 49.
Kf5 Nd4+ 50. Ke4 Nc6 51. Ne5+ Nxe5 52. Kxe5 Ke7 53. g4 Kd7 54. g5 Ke7 55. b5
Kd7 56. g6 Kc7 57. g7 Kb6 58. g8=Q Kxb5 59. Qc8 Kb6 60. Kd5 Kb5 61. Qb7+ Ka4
62. Kc4 Ka3 63. Qb3# {Black checkmated} 1-0

[Event "ICC tourney 2149 (70 10)"]
[Site "Internet Chess Club"]
[Date "2020.11.22"]
[Round "5"]
[White "Exocytosis"]
[Black "AdityaBang"]
[Result "1-0"]
[ICCResult "Black resigns"]
[WhiteElo "293"]
[BlackElo "1386"]
[Opening "Pirc: classical system, 5.Be2"]
[ECO "B08"]
[NIC "PU.03"]
[Time "16:05:31"]
[TimeControl "4200+10"]

1. e4 d6 2. Nf3 Nf6 3. Nc3 g6 4. d4 Bg7 5. Be2 O-O 6. Rb1 Nc6 7. a3 Nd7 8.
O-O e5 9. Bg5 f6 10. Be3 f5 11. Bc4+ Kh8 12. Ng5 Qf6 13. Nd5 Qd8 14. Ne6 Qh4
15. Bg5 Qxe4 16. Re1 Qg4 17. Be2 Qe4 18. Bf3 Qxe1+ 19. Qxe1 Rg8 20. Nxg7
Rxg7 21. Nxc7 Rb8 22. Nd5 Nxd4 23. Nf6 h6 24. Nxd7 Bxd7 25. Bf6 Nxc2 26.
Bxg7+ Kxg7 27. Qc3 Rc8 28. Qb3 e4 29. Qxb7 {Black resigns} 1-0

[Event "ICC tourney 2149 (70 10)"]
[Site "Internet Chess Club"]
[Date "2020.11.22"]
[Round "5"]
[White "ejrdz2007"]
[Black "beans123"]
[Result "1-0"]
[ICCResult "Black checkmated"]
[WhiteElo "1408"]
[BlackElo "1283"]
[Opening "Sicilian: Najdorf, Byrne (English) attack"]
[ECO "B90"]
[NIC "SI.14"]
[Time "16:05:31"]
[TimeControl "4200+10"]

1. e4 c5 2. Nf3 d6 3. d4 cxd4 4. Nxd4 Nf6 5. Nc3 a6 6. Be3 e6 7. f3 Be7 8.
Qd2 b5 9. g4 h6 10. Bd3 Bb7 11. O-O-O Nbd7 12. h4 Nh7 13. g5 h5 14. f4 g6
15. f5 e5 16. Nf3 O-O 17. f6 Nhxf6 18. gxf6 Bxf6 19. Nd5 Rc8 20. Nxf6+ Qxf6
21. Bg5 Qe6 22. Kb1 d5 23. exd5 Bxd5 24. Rhf1 e4 25. Bxe4 Bxe4 26. Ka1 Ne5
27. Nxe5 Qxe5 28. Bf6 Qe6 29. Qh6 Qxf6 30. Rxf6 Rxc2 31. Re1 Rfc8 32. a3 Bd5
33. Rxg6+ fxg6 34. Qxg6+ Kh8 35. Qxh5+ Kg7 36. Qxd5 Rc1+ 37. Rxc1 Rxc1+ 38.
Ka2 Rc4 39. Qg5+ Kh7 40. h5 Rc6 41. Qe7+ Kh6 42. Qf8+ Kg5 43. Qd8+ Kh6 44.
Qd5 Rb6 45. Qc5 Rf6 46. Qe3+ Kxh5 47. Kb3 Kg6 48. Qe4+ Kf7 49. Qb7+ Kg6 50.
Kb4 Kf5 51. Ka5 Ke5 52. Qxa6 Rxa6+ 53. Kxa6 b4 54. axb4 Kd6 55. b5 Kc7 56.
Ka7 Kd6 57. b6 Kc5 58. b7 Kc4 59. b8=Q Kd4 60. Qb5 Ke4 61. Qc5 Kf4 62. Qd5
Ke3 63. Qc4 Kf3 64. Qd4 Ke2 65. Qc3 Kf2 66. Qd3 Kg2 67. Qe3 Kf1 68. Qd2 Kg1
69. Qe2 Kh1 70. Kb6 Kg1 71. Kc5 Kh1 72. Kd4 Kg1 73. Ke3 Kh1 74. Kf3 Kg1 75.
Qg2# {Black checkmated} 1-0

[Event "ICC tourney 2149 (70 10)"]
[Site "Internet Chess Club"]
[Date "2020.11.22"]
[Round "5"]
[White "WaSabi5829"]
[Black "Coolkido"]
[Result "1-0"]
[ICCResult "Black resigns"]
[WhiteElo "1411"]
[BlackElo "924"]
[Opening "English opening"]
[ECO "A22"]
[NIC "EO.10"]
[Time "16:05:18"]
[TimeControl "4200+10"]

1. c4 e5 2. Nc3 Nf6 3. e4 c6 4. d3 d5 5. exd5 cxd5 6. cxd5 Nxd5 7. Nf3 Nc6
8. Be2 Bb4 9. Bd2 O-O 10. a3 Bc5 11. b4 Bd4 12. Nxd4 Nxd4 13. Nxd5 Qxd5 14.
O-O Bf5 15. Re1 Rfe8 16. Bf1 Rad8 17. Re3 Nb3 18. Rb1 Nxd2 19. Qxd2 e4 20.
d4 Qxd4 21. Qxd4 Rxd4 22. Rbe1 Bg6 23. f3 f5 24. f4 Red8 25. Rc3 R8d7 26.
Rec1 Kf8 27. g3 a6 28. h4 Bh5 29. Kf2 Rd1 30. Rxd1 Bxd1 31. Ke3 Ke7 32. Bh3
g6 33. Bf1 Bg4 34. b5 a5 35. b6 Kf6 36. Rc7 Ke6 37. Bb5 Re7 38. Rxe7+ Kxe7
39. Bc6 Kd6 40. Bxb7 Kc5 41. Bxe4 Kxb6 42. Bd5 Kb5 43. Bb3 a4 44. Bg8 h6 45.
Kd4 Kc6 46. Bf7 Bh5 47. Be8+ Kb6 48. Bxa4 Kc7 49. Kc5 Kd8 50. Kb6 Ke7 51.
Bb3 Kf6 52. a4 g5 53. a5 Bf3 54. a6 gxf4 55. gxf4 Kg6 56. a7 Kh5 57. Bd1
Bxd1 58. a8=Q Kxh4 59. Qh1+ {Black resigns} 1-0

[Event "ICC tourney 2149 (70 10)"]
[Site "Internet Chess Club"]
[Date "2020.11.22"]
[Round "5"]
[White "RatislavK"]
[Black "hi321"]
[Result "1-0"]
[ICCResult "Black checkmated"]
[WhiteElo "1217"]
[BlackElo "1407"]
[Opening "Queen's pawn game, Darooha variation "]
[ECO "D02"]
[NIC "QP.08"]
[Time "16:05:40"]
[TimeControl "4200+10"]

1. d4 d5 2. Nf3 Nf6 3. g3 Bf5 4. Bg2 e6 5. O-O Nc6 6. c4 Be7 7. Ne5 Be4 8.
Qa4 Bxg2 9. Kxg2 O-O 10. Nxc6 bxc6 11. Qxc6 dxc4 12. Qxc4 Rb8 13. a3 Qd7 14.
Nc3 c5 15. dxc5 Qc6+ 16. e4 Qxc5 17. Qxc5 Bxc5 18. b4 Bd4 19. Bd2 Rfc8 20.
Rac1 Bxc3 21. Bxc3 Nxe4 22. Be5 Ra8 23. Rfd1 Kf8 24. Rxc8+ Rxc8 25. Rd7 Ra8
26. b5 f6 27. Bd4 Rb8 28. a4 e5 29. Bxa7 Ra8 30. b6 Nc5 31. Rc7 Na6 32. Rb7
Nc5 33. Rb8+ Rxb8 34. Bxb8 Nb7 35. Bd6+ Ke8 36. Bb4 Kd7 37. a5 Kc8 38. a6
Nd8 39. Bc5 Nf7 40. Bf8 g6 41. Kf3 f5 42. Ke3 Kb8 43. Kd3 Ka8 44. Kc4 e4 45.
Kd5 Kb8 46. Bd6+ Nxd6 47. Kxd6 g5 48. Kc6 f4 49. a7+ Ka8 50. Kc7 e3 51. b7+
Kxa7 52. b8=Q+ Ka6 53. Qb6# {Black checkmated} 1-0

[Event "ICC tourney 2149 (70 10)"]
[Site "Internet Chess Club"]
[Date "2020.11.22"]
[Round "5"]
[White "saketsingh"]
[Black "delennkier"]
[Result "0-1"]
[ICCResult "White resigns"]
[WhiteElo "1503"]
[BlackElo "1335"]
[Opening "Four knights: Scotch, 4...exd4"]
[ECO "C47"]
[NIC "KP.06"]
[Time "16:05:18"]
[TimeControl "4200+10"]

1. e4 e5 2. Nf3 Nc6 3. Nc3 Nf6 4. d4 exd4 5. Nxd4 Bb4 6. Nxc6 dxc6 7. Qxd8+
Kxd8 8. Bd2 Re8 9. O-O-O Bxc3 10. Bxc3+ Bd7 11. e5 Ne4 12. Be1 Rxe5 13. f3
Nd6 14. Bc3 Rd5 15. Bxg7 Rf5 16. Bd3 Rh5 17. Bf6+ Kc8 18. g4 Ra5 19. Bxh7
Rxa2 20. h4 Nc4 21. Kb1 Ra5 22. Rhe1 Nd6 23. h5 Rb5 24. h6 a5 25. Bd3 Rd5
26. h7 b6 27. h8=Q+ Kb7 28. Qh2 a4 29. Be4 Rb5 30. Rd3 a3 31. b3 a2+ 32. Ka1
Rba5 33. Bb2 Be6 34. f4 Bxg4 35. Qg2 Nxe4 36. Qxe4 Bf5 37. Qc4 Bxd3 38. Qxd3
Rd5 39. Qc3 Rc5 40. Qd2 Rd5 41. Qc1 Rda5 42. Rd1 Rb5 43. Be5 Rba5 44. Rd7
Rc8 45. Rxf7 Ra6 46. Qh1 Ra5 47. Qh7 Rd8 48. Rf8 Rd1+ {White resigns} 0-1